 Dungeon Crawl Stone Soup version 0.27-a0-1555-g0e7b3fb1d2 (webtiles) character file.

Game seed: 10074853255676188667

3570 nyamberluvr69 the Fighter (level 9, -4/92 HPs)
             Began as a Minotaur Berserker on July 15, 2021.
             Was a High Priest of Trog.
             Slain by a killer bee zombie (5 damage)
             ... on level 8 of the Dungeon.
             The game lasted 00:10:27 (7918 turns).

nyamberluvr69 the Fighter (Minotaur Berserker)      Turns: 7918, Time: 00:10:28

Health: -4/92      AC: 12    Str: 26    XL:     9   Next: 84%
Magic:  8/8        EV:  7    Int:  4    God:    Trog [*****.]
Gold:   392        SH:  0    Dex:  9    Spells: 8/8 levels left

rFire    . . .     SeeInvis .   H - +3 war axe
rCold    . . .     Faith    .   (no shield)
rNeg     . . .     Spirit   .   A - +0 plate armour
rPois    .         Reflect  .   (helmet restricted)
rElec    .         Harm     .   m - +0 cloak
rCorr    .         Rampage  .   (no gloves)
Will     .....                  (no boots)
Stlth    ..........             (no amulet)
HPRegen  0.25/turn              f - ring of flight
MPRegen  0.11/turn              (no ring)

@: weak-willed, on berserk cooldown, flying, hasted and slowed, studying
Fighting
A: horns 2, retaliatory headbutt
a: Renounce Religion, Berserk, Trog's Hand, Brothers in Arms


You were on level 8 of the Dungeon.
You worshipped Trog.
Trog was extremely pleased with you.
You visited 1 branch of the dungeon, and saw 8 of its levels.

You collected 392 gold pieces.

Inventory:

Hand Weapons
 a - a +0 hand axe
 b - a +4 quarterstaff of chaos
 G - a +1 war axe
 H - a +3 war axe (weapon)
Armour
 l - a +4 ring mail of poison resistance
 m - a +0 cloak (worn)
 A - a +0 plate armour (worn)
 B - a +2 chain mail of fire resistance
Jewellery
 f - a ring of flight (left hand)
 v - a +4 ring of protection
 x - a ring of willpower
 z - a ring of poison resistance
Wands
 u - a wand of polymorph (8)
 F - a wand of mindburst (37)
Scrolls
 c - a scroll of fog {unknown}
 e - 2 scrolls of vulnerability
 o - a scroll of blinking {unknown}
 p - 2 scrolls of enchant weapon {unknown}
 q - a scroll of immolation {unknown}
 s - 3 scrolls of identify {unknown}
 w - 3 scrolls of silence {unknown}
 y - 2 scrolls of teleportation {unknown}
 D - a scroll of acquirement {unknown}
 E - a scroll of noise {unknown}
 I - a scroll of enchant armour {unknown}
 J - a scroll of torment {unknown}
Potions
 d - a potion of resistance {unknown}
 g - a potion of lignification {unknown}
 h - 3 potions of curing {unknown}
 i - 3 potions of degeneration {unknown}
 j - 2 potions of heal wounds
 k - 2 potions of flight {unknown}
 n - 2 potions of berserk rage {unknown}
 r - a potion of invisibility {unknown}
 t - a potion of mutation {unknown}


   Skills:
 + Level 12.7 Fighting
 + Level 12.2 Axes
 - Level 2.4 Armour
 - Level 2.1 Dodging


You had 8 spell levels left.
You didn't know any spells.
Your spell library was empty.

Dungeon Overview and Level Annotations

Branches:
Dungeon (8/15)             Temple (0/1) D:4
   Lair: D:8-11

Altars:
Ashenzari
Elyvilon
Makhleb
Ru
Sif Muna
Wu Jian


Innate Abilities, Weirdness & Mutations

You have a pair of horns on your head.
You reflexively headbutt those who attack you in melee.


Message History

Unknown command.
Unknown command.
Unknown command.
You feel yourself speed up.
The two-headed ogre hits you with a +0 giant club!!
The two-headed ogre barely misses you.
You see here Sif Muna's Catalogue of Gliding Translocation.
The howler monkey hoots and howls with incredible vigour!
You hear an angry hiss.
You hear a shout! x6
You see here a +0 war axe.
A killer bee zombie comes into view.
Items here: ))) [ ††.
Things that are here:
a +0 dagger; a +0 robe The howler monkey hoots and howls with incredible vigour!
You hear a shout!
You hear an angry hiss.
There is a stone staircase leading up here.
You hit the two-headed ogre.
The two-headed ogre is lightly wounded.
The two-headed ogre hits you with a +0 giant club!!
* * * LOW HITPOINT WARNING * * *
The two-headed ogre hits you with a +0 giant club!
* * * LOW HITPOINT WARNING * * *
You hit the two-headed ogre.
Your headbutt misses the two-headed ogre.
The two-headed ogre is lightly wounded.
You slash the howler monkey!
The howler monkey hits you but does no damage.
The two-headed ogre hits you with a +0 giant club.
* * * LOW HITPOINT WARNING * * *
The two-headed ogre hits you with a +0 giant club.
* * * LOW HITPOINT WARNING * * *
As you read the scroll labelled FAGIET XETO, it crumbles to dust.
Magic quickly surges around you.
It was a scroll of vulnerability.
The killer bee zombie barely misses you.
The howler monkey barely misses you.
The killer bee zombie barely misses you.
You furiously retaliate!
You headbutt the killer bee zombie! The killer bee zombie hits you.
You die...

##.##..........:..#
#..............).##
#................##
#...#.....##.....##
#..#..............###
#....#...#....).....#
#....##.###..))....###
#...##...###.ZOh.....#
##..###....#...@......#
#....###..#)...#......#
##....#
######.###.....#
#<...## #.# #..#.##
##...# ### ###### ##.##
###


You could see a two-headed ogre (weak-willed), a howler monkey (weak-willed) and
a killer bee zombie (weak-willed).

Vanquished Creatures
  Pikel (D:6)
  Maggie (D:6)
  A yak (D:5)
  Sigmund (D:6)
  Menkaure (D:6)
  A steam dragon (D:8)
  Edmund (D:6)
  A black bear (D:7)
  A sky beast (D:6)
  2 ogres (D:6)
  4 lemures (D:6)
  2 scorpions
  A wyvern zombie (D:8)
  A water moccasin zombie (D:4)
  2 water moccasin skeletons (D:5)
  5 wights (D:7)
  2 howler monkeys (D:6)
  4 centaur zombies
  2 bullfrog zombies (D:4)
  Crazy Yiuf (D:2)
  2 centaur skeletons
  An orc priest (D:7)
  2 bullfrog skeletons (D:5)
  A gnoll shaman (D:7)
  Terence (D:2)
  Jessica (D:2)
  5 scorpion zombies
  5 iguanas
  4 orc wizards
  2 hound zombies (D:4)
  2 hound skeletons (D:5)
  12 gnolls
  7 adders
  2 white imps
  An ufetubus (D:4)
  An adder skeleton (D:4)
  4 adder zombies (D:4)
  2 dart slugs
  14 orcs
  7 ball pythons
  8 endoplasms
  6 giant cockroaches
  6 goblins
  6 hobgoblins
  6 jackals
  12 kobolds
  8 quokkas
  10 bats
  A frilled lizard (D:2)
  A quokka zombie (D:4)
  11 rats
  4 toadstools (D:1)
190 creatures vanquished.

Vanquished Creatures (others)
  4 withered plants (D:4)
4 creatures vanquished.

Grand Total: 194 creatures vanquished

Notes
Turn   | Place    | Note
-------+----------+-------------------------------------------
     0 | D:1      | nyamberluvr69 the Minotaur Berserker began the quest for
                  | the Orb.
     0 | D:1      | Reached XP level 1. HP: 19/19 MP: 0/0
   187 | D:1      | Reached XP level 2. HP: 19/27 MP: 1/1
   955 | D:1      | Reached XP level 3. HP: 34/34 MP: 2/2
   955 | D:1      | Reached ** piety under Trog
  1409 | D:2      | Noticed Jessica
  1436 | D:2      | Killed Jessica
  1437 | D:2      | Reached XP level 4. HP: 22/41 MP: 3/3
  1483 | D:2      | Reached skill level 5 in Fighting
  1525 | D:2      | Reached skill level 5 in Axes
  1640 | D:2      | Found a runed translucent door.
  1641 | D:2      | Noticed Crazy Yiuf
  1943 | D:2      | Noticed Terence
  1962 | D:2      | Killed Terence
  2248 | D:2      | Killed Crazy Yiuf
  2249 | D:2      | Reached XP level 5. HP: 49/49 MP: 4/4
  2564 | D:3      | Found a white marble altar of Elyvilon.
  2904 | D:3      | Found a faded altar of an unknown god.
  2910 | D:3      | Reached *** piety under Trog
  3170 | D:3      | Found an ornate altar of the Wu Jian Council.
  3226 | D:4      | Found a burning altar of Makhleb.
  3332 | D:4      | Found a shimmering blue altar of Sif Muna.
  3349 | D:4      | Reached XP level 6. HP: 43/58 MP: 5/5
  3716 | D:4      | Reached XP level 7. HP: 61/66 MP: 6/6
  3897 | D:4      | Found a staircase to the Ecumenical Temple.
  4431 | D:4      | Found a sacrificial altar of Ru.
  4448 | D:4      | Reached **** piety under Trog
  4503 | D:5      | Entered Level 5 of the Dungeon
  4693 | D:5      | Noticed a yak
  4703 | D:5      | Killed a yak
  4974 | D:5      | Reached XP level 8. HP: 71/77 MP: 7/7
  5608 | D:6      | Noticed Maggie
  5622 | D:6      | Killed Maggie
  5623 | D:6      | Reached skill level 10 in Fighting
  5623 | D:6      | Reached skill level 10 in Axes
  5725 | D:6      | Noticed Edmund
  5752 | D:6      | Killed Edmund
  5964 | D:6      | Found a broken altar of Ashenzari.
  5964 | D:6      | Noticed Sigmund
  5974 | D:6      | Killed Sigmund
  6191 | D:6      | Noticed Pikel
  6201 | D:6      | Killed Pikel
  6201 | D:6      | Reached ***** piety under Trog
  6202 | D:6      | Reached XP level 9. HP: 89/89 MP: 8/8
  6509 | D:6      | Noticed Menkaure
  6518 | D:6      | Killed Menkaure
  7477 | D:7      | Found the +0 staff of Battle
  7895 | D:8      | Noticed a two-headed ogre
  7916 | D:8      | HP: 1/92 [two-headed ogre (6)]
  7918 | D:8      | Slain by a killer bee zombie

Illustrated notes

Levels and vault maps discovered:
D:1:      ldierk_water_garden, layout_loops_cross, minmay_misc_feat_alley,
          minmay_misc_feat_chi, minmay_stone_trees_large, bh_walls_and_bars
D:2:      layout_rooms, minmay_tiny_reverse_x, uniq_terence,
          uniq_crazy_yiuf_cottage, uniq_jessica
D:3:      layout_loops_corners, nicolae_elyvilon_peaceful_grove,
          nicolae_wu_jian_immortal_techniques,
          hellmonk_ecumenical_altar_run_dry, minmay_misc_feat_four_crosses
D:4:      layout_basic, hangedman_ru_absence, mainiacjoe_overflow_24_doors,
          lemuel_round_altar, minmay_temple_entry_metal_lava, serial_undead,
          serial_undead_c, serial_undead_a, serial_undead_a, serial_undead_b,
          serial_undead_b, serial_undead_b, chequers_serial_rivers_large_a,
          chequers_serial_rivers_small_3
D:5:      minmay_inner_zag, layout_basic
D:6:      layout_basic, evilmike_ruin_ashenzari, uniq_pikel, uniq_maggie,
          uniq_sigmund, uniq_menkaure, uniq_edmund
D:7:      layout_basic
D:8:      minmay_the_grid_octo_triangle [minmay_the_grid_octo_clover_2,
          minmay_the_grid_octo_prize_big_c, minmay_the_grid_octo_fat_diamond],
          layout_cave_pools

Skill      XL: |  1  2  3  4  5  6  7  8  9 |
---------------+----------------------------+-----
Fighting       | 4 5 6 7 8 11 12 | 12.7
Axes           | 4 5 6 7 8 11 12 | 12.2
Armour         | |  2.4
Dodging        | |  2.1

Action                   |  1- 3 |  4- 6 |  7- 9 || total
-------------------------+-------+-------+-------++-------
Melee: Hand axe          |    83 |   160 |   324 ||   567
       Headbutt          |     7 |    38 |    89 ||   134
       War axe           |       |       |    19 ||    19
Invok: Berserk           |     1 |     3 |    10 ||    14
       Trog's Hand       |     1 |       |     3 ||     4
Evoke: Wand              |       |       |     1 ||     1
  Use: Scroll            |       |       |     1 ||     1
       Potion            |       |       |     1 ||     1
 Stab: Sleeping          |     1 |       |       ||     1
Armor: Animal skin       |    16 |     2 |       ||    18
       Ring mail         |       |    66 |    48 ||   114
       Plate armour      |       |       |    81 ||    81
Dodge: Dodged            |    35 |    93 |   108 ||   236

Table legend: (Time is in decaauts)
 A = Elapsed time spent in this place.
 B = Non-inter-level travel time spent in this place.
 C = Inter-level travel time spent in this place.
 D = Time resting spent in this place.
 E = Time spent auto-exploring this place.
 F = Levels seen in this place.
 G = Mean time per level.
                   A        B        C        D        E       F      G
               +--------+--------+--------+--------+--------+-----+--------+
         Total |   7982 |   7800 |    182 |   1349 |   5297 |   8 |  997.8 |
       Dungeon |   7982 |   7800 |    182 |   1349 |   5297 |   8 |  997.8 |
               +--------+--------+--------+--------+--------+-----+--------+

Top non-repeatable levels by time:
     D:6: 1422 daAuts
     D:1: 1407 daAuts
     D:4: 1289 daAuts
     D:5: 1047 daAuts
     D:2: 961 daAuts
     D:3: 886 daAuts
     D:7: 810 daAuts
     D:8: 157 daAuts
